 Dungeon Crawl Stone Soup version 0.31-a0-277-g31ea1f65cc (webtiles) character file.

Game seed: 4418438263800221578

44 senseless the Changeling (level 3, 0/28 HPs)
             Began as a Merfolk Shapeshifter on July 15, 2023.
             Slain by Terence
             ... wielding a +0 trident
              (11 damage)
             ... on level 2 of the Dungeon.
             The game lasted 00:02:35 (1239 turns).

senseless the Changeling (Merfolk Shapeshifter)     Turns: 1239, Time: 00:02:35

Health: 0/28       AC:  2    Str: 15    XL:     3   Next: 62%
Magic:  3/3        EV: 13    Int:  7    God:
Gold:   112        SH:  0    Dex: 16    Spells: 2/2 levels left

rFire   . .          .
                       - Unarmed
rCold   . . .        (no shield)
rNeg    . . .        a - +0 animal skin
rPois   .            (helmet currently unavailable)
rElec   .            (cloak currently unavailable)
rCorr   .            (gloves currently unavailable)
SInv    .            (boots currently unavailable)
Will    .....        (no amulet)
Stlth   +            (no ring)
HPRegen 0.24/turn    (no ring)
MPRegen 0.08/turn

%: no passive effects
@: beast-form
A: beast (slay +3), (nimble swimmer 2), mertail
a: Begin Untransformation


You were on level 2 of the Dungeon.
You were a hulking beast.
You visited 1 branch of the dungeon, and saw 2 of its levels.

You collected 112 gold pieces.

Inventory:

Hand Weapons
 k - a +0 dagger
Armour
 a - a +0 animal skin (worn)
Talismans
 c - a beast talisman
Scrolls
 d - a scroll of teleportation {unknown}
 g - a scroll of vulnerability {unknown}
 i - a scroll of identify {unknown}
Potions
 b - a potion of lignification
 e - a potion of attraction {unknown}
 f - 2 potions of mutation {unknown}
 h - a potion of might {unknown}
 j - a potion of enlightenment {unknown}


   Skills:
 + Level 2.9 Fighting
 + Level 3.4 Dodging
 + Level 2.8 Unarmed Combat
 + Level 4.3 Shapeshifting


You had 2 spell levels left.
You didn't know any spells.
Your spell library was empty.

Dungeon Overview and Level Annotations

Branches:
Dungeon (2/15)

Altars:

Annotations:
D:2 Terence


Innate Abilities, Weirdness & Mutations

You are a hulking beast.
Your limbs bulge with bestial killing power. (Slay +3)
((You are very nimble when in or above water. (Stealth+, EV+, Speed+++)))
Your lower body shifts to a powerful aquatic tail in water.


Message History

Terence is moderately wounded.
Terence zaps a wand.
Your transformation has ended.
You turn into a bat.
Your +0 animal skin melds into your body.
You barely miss Terence.
Terence is moderately wounded.
Terence closely misses you.
There is a stone staircase leading up here.
Terence closely misses you.
You fly upwards.
There is a stone staircase leading down here.
You start resting.
Your transformation is almost over.
You feel less batty.
Your +0 animal skin unmelds from your body.
You turn into a hulking beast.
You start resting.
HP restored.
You climb downwards.
Level annotation: Terence
There is a stone staircase leading up here.
Terence hits you with a +0 trident.
You completely miss Terence. Terence hits you with a +0 trident!
You hit Terence.
Terence is moderately wounded.
Terence misses you.
You barely miss Terence.
Terence is moderately wounded.
Terence barely misses you.
You punch Terence!
Terence is heavily wounded.
Terence closely misses you.
You hit Terence but do no damage.
Terence is heavily wounded.
Terence hits you with a +0 trident!
You hit Terence but do no damage.
Terence is heavily wounded.
Terence hits you with a +0 trident!
You die...

#........##...###
#..)####....#...# . ###.#
####.###.#### ..
###.#######...#....###.#.
.<............)..........
###.#########....#.....#
#.# ####...#.... #.#
###..# ### ... #.h<## #.#
#@#..# #.# #....##.# #.#
#.##.. ... .. #.#....#
... ..###..# .. ... .## .
.<. .. #.#.


You could see Terence.

Vanquished Creatures
  An adder (D:1)
  2 dart slugs (D:1)
  2 bats (D:1)
  5 endoplasms (D:1)
  3 giant cockroaches (D:1)
  A goblin (D:2)
  6 hobgoblins (D:1)
  3 quokkas (D:1)
  A frilled lizard (D:1)
  A kobold (D:1)
  A rat (D:1)
26 creatures vanquished.

Notes
Turn   | Place    | Note
-------+----------+-------------------------------------------
     0 | D:1      | senseless the Merfolk Shapeshifter began the quest for the
                  | Orb.
     0 | D:1      | Reached XP level 1. HP: 16/16 MP: 1/1
   188 | D:1      | Reached XP level 2. HP: 5/23 MP: 2/2
   536 | D:1      | Reached XP level 3. HP: 28/28 MP: 3/3
   903 | D:2      | Noticed Terence
  1239 | D:2      | Slain by Terence

Illustrated notes

Levels and vault maps discovered:
D:1:      nzn_arrival_crosshair, layout_basic
D:2:      layout_rooms, minmay_pentomino_z2, uniq_sigmund, uniq_terence

Skill      XL: |  1 |
---------------+----+-----
Dodging        | 3 |  3.4
Fighting       | |  2.9
Unarmed Combat | |  2.8
Shapeshifting  | |  4.3

Action                     || total
---------------------------++-------
  Melee: Unarmed           ||    90
         Punch             ||     2
   Stab: Sleeping          ||     2
 Armour: Animal skin       ||    12
  Dodge: Dodged            ||    59

Table legend: (Time is in decaauts)
 A = Elapsed time spent in this place.
 B = Non-inter-level travel time spent in this place.
 C = Inter-level travel time spent in this place.
 D = Time resting spent in this place.
 E = Time spent auto-exploring this place.
 F = Levels seen in this place.
 G = Mean time per level.
                   A        B        C        D        E       F      G
               +--------+--------+--------+--------+--------+-----+--------+
         Total |   1235 |   1170 |     65 |    270 |    685 |   2 |  617.5 |
       Dungeon |   1235 |   1170 |     65 |    270 |    685 |   2 |  617.5 |
               +--------+--------+--------+--------+--------+-----+--------+

Top non-repeatable levels by time:
     D:1: 1120 daAuts
     D:2: 115 daAuts
